 Dungeon Crawl Stone Soup version 0.31.0-1-g2c135a008e (webtiles) character file.

Game seed: 1746531353256603727

2637 qw the Skirmisher (level 9, -7/66 HPs)
             Began as a Djinni Hunter on Jan 23, 2024.
             Was a Follower of Okawaru.
             Mangled by a wyvern (13 damage)
             ... on level 7 of the Dungeon.
             The game lasted 00:00:31 (7295 turns).

qw the Skirmisher (Djinni Hunter)                   Turns: 7295, Time: 00:00:32

Health: -7/66      AC:  5    Str:  9      XL:     9   Next: 92%
Gold:   335        EV: 15    Int: 15 (16) God:    Okawaru [*.....] SH:  0 Dex: 18 (19)

rFire   + + .        f - +0 orcbow
rCold   . . .        (shield currently unavailable)
rNeg    . . .        d - +0 steam dragon scales
rPois   inf          (no helmet)
rElec   .            (no cloak)
rCorr   .            (no gloves)
SInv    .            (boots unavailable)
Will    .....        b - amulet of faith
Stlth   ++           c - ring of protection from cold
HPRegen 0.31/turn    (no ring)
MPRegen 0.00/turn

%: faith, infuse magic (-8 HP)
@: about to teleport, flying
A: sickness immunity, fire resistance 2, cold vulnerability 1, float, innate
caster, HP casting, extra vitality 1, clever 1, deterioration 1, MP-powered
wands
a: Renounce Religion, Heroism


You were on level 7 of the Dungeon.
You worshipped Okawaru.
Okawaru was aware of your devotion.
You visited 2 branches of the dungeon, and saw 8 of its levels.
You also visited: Sewer and Ossuary.

You collected 335 gold pieces.


Innate Abilities, Weirdness & Mutations

You are immune to sickness and miasma.
You are immune to poison.
Your flesh is very heat resistant. (rF++)
You are vulnerable to cold. (rC-)
You float through the air rather than walking.
You learn spells naturally, not from books.
Your magical power is your life essence.
You have superior vitality. (+4 MHP)
Your mind is acute. (Int +4, Str/Dex -1)
Your body sometimes deteriorates upon taking damage.
You expend health (3 HP) to strengthen your wands.


   Skills:
 - Level 6.1 Fighting
 + Level 8.7 Ranged Weapons
 - Level 1.0 Armour
 - Level 6.1 Dodging
 - Level 0.7 Stealth
 + Level 2.7 Invocations


You knew the following spells:

 Your Spells              Type           Power      Damage    Failure   Level
a - Apportation           Tloc           0%         N/A       26%         1
b - Lesser Beckoning      Tloc           0%         N/A       38%         2
c - Frozen Ramparts       Ice            0%         1d1       63%         3
d - Confusing Touch       Hex            0%         N/A       63%         3
Your spell library was empty.

Inventory:

Hand Weapons
 f - a +0 orcbow (weapon)
Armour
 d - +0 steam dragon scales (worn)
Jewellery
 b - an amulet of faith (around neck)
 c - a ring of protection from cold (left hand)
Scrolls
 e - 4 scrolls of identify
 g - a scroll of teleportation
Potions
 a - 4 potions of might
 h - 6 potions of curing
 i - 3 potions of resistance

Dungeon Overview and Level Annotations

Branches:
Dungeon (7/15)             Temple (1/1) D:4           Sewer (visited)
Ossuary (visited)

Altars:
Ashenzari
Cheibriados
Dithmenos
Elyvilon
Fedhas
Gozag
Hepliaklqana
Makhleb
Nemelex Xobeh
Okawaru
Qazlal
Ru
Trog
Uskayaw
Wu Jian
Xom
Zin
The Shining One


Message History

Things that are here:
a +0 dagger; a +0 robe Done exploring.
Enter note:
Enter note: Done exploring.
What level of the Dungeon? (default 6, ? - help)
You see here a +0 trident.
There is a stone staircase leading down here.
You fly downwards.
There is a stone staircase leading up here.
There are monsters nearby!
Waypoint 8 assigned to D:7.
You shoot an arrow. The arrow barely misses the scorpion.
You shoot an arrow.
The arrow hits the scorpion but does no damage.
You shoot an arrow. The arrow barely misses the wyvern.
The scorpion barely misses you.
You shoot an arrow. The arrow hits the wyvern.
The wyvern is lightly wounded.
The wyvern bites you! The wyvern misses you. The scorpion misses you.
You shoot an arrow. The arrow hits the wyvern!
The wyvern is heavily wounded.
The wyvern bites you!
Your body deteriorates!
You feel dopey. The scorpion misses you.
You shoot an arrow. The arrow hits the wyvern.
The wyvern is severely wounded.
The wyvern bites you! The scorpion misses you. The wyvern bites you!
You shoot an arrow.
The arrow hits the wyvern but does no damage.
The wyvern is severely wounded.
The wyvern bites you!
Your body deteriorates!
You feel clumsy. The scorpion misses you.
7295 ||| READING 2 scrolls of teleportation.
As you read the scroll of teleportation, it crumbles to dust.
You feel strangely unstable. The wyvern bites you!
You die...

.. .. ..
#. .## ..
..# . # ..
.##.# #.
#....#
#.#k..#
#.@...#
#..s..#
#.........
#.......##
#.......#
#.......#
#.......#
#.....###


You could see a wyvern and a scorpion.

Vanquished Creatures
  A steam dragon (D:5)
  5 black bears
  An ice beast (D:6)
  An ogre (D:6)
  2 centaurs (D:6)
  A phantom (D:6)
  An elf zombie (Ossuary)
  2 weeping skulls (Ossuary)
  4 kobold brigands (Sewer)
  4 scorpions
  2 howler monkeys
  2 bombardier beetles
  4 hounds
  3 orc priests
  A sleepcap (D:5)
  2 iguanas
  3 orc wizards (D:6)
  3 mummies (Ossuary)
  14 gnolls
  4 adders
  3 river rats (Sewer)
  A white imp (D:6)
  4 dart slugs
  11 ribbon worms
  23 orcs
  9 ball pythons
  15 endoplasms
  8 giant cockroaches
  A gnoll zombie (Ossuary)
  8 goblins
  4 hobgoblins
  3 jackals (D:4)
  6 kobolds
  6 quokkas
  3 bats
  A frilled lizard (D:3)
  3 kobold zombies (Ossuary)
  3 orc zombies (Ossuary)
  10 rats
182 creatures vanquished.

Notes
Turn   | Place    | Note
-------+----------+-------------------------------------------
     0 | D:1      | qw the Djinni Hunter began the quest for the Orb.
     0 | D:1      | Reached XP level 1. HP: 18/18 MP: 0/0
     0 | D:1      | 0 ||| qw: Version: 0.3-a-135-gb77e89d
     0 | D:1      | 0 ||| qw: Game counter: 893
     0 | D:1      | 0 ||| qw: Melee chars always use a shield: true
     0 | D:1      | 0 ||| qw: God list: Okawaru
     0 | D:1      | 0 ||| qw: Allow faded altars: false
     0 | D:1      | 0 ||| qw: Do Orc after clearing Dungeon:15 true
     0 | D:1      | 0 ||| qw: Do second Lair branch before Depths: true
     0 | D:1      | 0 ||| qw: Lair rune preference: random
     0 | D:1      | 0 ||| qw: Goals: Normal
     0 | D:1      | 0 ||| PLANNING D:1-11
   116 | D:1      | Reached XP level 2. HP: 23/23 MP: 0/0
   733 | D:1      | 733 ||| READING scroll labelled TYRAOT DEAGILE.
   733 | D:1      | 733 ||| ENCHANTING +0 shortbow.
   734 | D:1      | 734 ||| READING scroll labelled HOC RASOUSHIO.
   735 | D:1      | 735 ||| READING scroll labelled UFECRIRAEXT.
   735 | D:1      | 735 ||| BRANDING +1 shortbow.
   736 | D:1      | 736 ||| READING scroll labelled KORURR EFARUPH.
   736 | D:1      | 736 ||| IDENTIFYING bubbling purple potion
   737 | D:1      | 737 ||| DRINKING potion of mutation.
   737 | D:1      | Gained mutation: Your spells are a little harder to cast,
                  | but a little more powerful. [potion of mutation]
   738 | D:1      | 738 ||| DRINKING 3 yellow potions.
   842 | D:1      | 842 ||| DRINKING 2 bubbling white potions.
   843 | D:1      | 843 ||| DROPPING scroll of butterflies.
   844 | D:1      | 844 ||| DROPPING 2 potions of berserk rage.
   877 | D:2      | Reached skill level 4 in Ranged Weapons
   877 | D:2      | Reached XP level 3. HP: 28/28 MP: 0/0
   877 | D:2      | Learned a level 1 spell: Apportation
   932 | D:2      | 932 ||| READING scroll of enchant weapon.
   932 | D:2      | 932 ||| ENCHANTING +1 heavy shortbow.
   940 | D:2      | 940 ||| RETREEEEATING.
   943 | D:2      | Reached XP level 4. HP: 34/34 MP: 0/0
   957 | D:2      | HP: 6/34 [gnoll/+4 flail (12)]
   960 | D:2      | Reached skill level 3 in Fighting
  1356 | D:2      | Reached skill level 3 in Dodging
  1358 | D:2      | Reached XP level 5. HP: 33/40 MP: 0/0
  1358 | D:2      | Learned a level 2 spell: Lesser Beckoning
  1415 | D:2      | Found a faded altar of an unknown god.
  1591 | D:2      | 1591 ||| UPGRADING to +0 ring mail.
  1601 | D:2      | 1601 ||| DROPPING +0 leather armour.
  1602 | D:2      | 1602 ||| READING scroll of identify.
  1602 | D:2      | 1602 ||| IDENTIFYING dark potion
  1603 | D:2      | 1603 ||| DRINKING 3 cyan potions.
  1604 | D:2      | 1604 ||| DROPPING potion of brilliance.
  1616 | D:3      | 1616 ||| PLANNING SEWER
  1694 | D:3      | Found a burning altar of Makhleb.
  1814 | D:3      | Reached skill level 1 in Armour
  2107 | D:3      | 2107 ||| SWAPPING to +0 orcbow.
  2108 | D:3      | 2108 ||| DROPPING +2 heavy shortbow.
  2187 | D:3      | Found a glowing drain.
  2192 | D:3      | 2192 ||| READING 2 scrolls of identify.
  2192 | D:3      | 2192 ||| IDENTIFYING metallic pink potion
  2193 | D:3      | 2193 ||| READING scroll of identify.
  2193 | D:3      | 2193 ||| IDENTIFYING scroll labelled PEXOJI XIKHLIUB
  2194 | D:3      | 2194 ||| READING scroll labelled YSTINNASAP.
  2295 | D:3      | 2295 ||| DROPPING scroll of vulnerability.
  2296 | D:3      | 2296 ||| DROPPING potion of lignification.
  2305 | Sewer    | Entered a sewer
  2403 | Sewer    | Reached XP level 6. HP: 46/46 MP: 0/0
  2513 | Sewer    | Reached skill level 5 in Ranged Weapons
  2819 | Sewer    | Reached XP level 7. HP: 52/52 MP: 0/0
  2819 | Sewer    | Learned a level 3 spell: Frozen Ramparts
  3014 | Sewer    | Reached skill level 6 in Ranged Weapons
  3018 | Sewer    | 3018 ||| READING scroll labelled TACIFASAEG.
  3019 | Sewer    | 3019 ||| READING scroll labelled CIFFOEDDAO.
  3020 | Sewer    | 3020 ||| DRINKING 2 black potions.
  3042 | D:3      | 3042 ||| PLANNING D:1-11
  3098 | D:3      | 3098 ||| FLEEEEING.
  3099 | D:3      | 3099 ||| FLEEEEING.
  3100 | D:3      | 3100 ||| FLEEEEING.
  3101 | D:3      | 3101 ||| FLEEEEING.
  3103 | D:3      | 3103 ||| FLEEEEING.
  3106 | D:3      | 3106 ||| FLEEEEING.
  3107 | D:3      | 3107 ||| FLEEEEING.
  3108 | D:3      | 3108 ||| FLEEEEING.
  3109 | D:3      | 3109 ||| FLEEEEING.
  3110 | D:3      | 3110 ||| FLEEEEING.
  3113 | D:3      | 3113 ||| FLEEEEING.
  3114 | D:3      | 3114 ||| FLEEEEING.
  3116 | D:3      | HP: 13/52 [orc priest/divine providence (11)]
  3374 | D:3      | HP: 13/52 [gnoll/+0 flail (2)]
  3837 | D:3      | 3837 ||| READING scroll labelled UWUASCH DUNA.
  3861 | D:4      | Found a staircase to the Ecumenical Temple.
  3862 | D:4      | 3862 ||| PLANNING TEMPLE
  3878 | Temple   | Entered the Ecumenical Temple
  3879 | Temple   | 3879 ||| PLANNING D:1-11
  4133 | D:4      | Reached XP level 8. HP: 58/58 MP: 0/0
  4301 | D:4      | Reached skill level 7 in Ranged Weapons
  4621 | D:4      | 4621 ||| DROPPING scarf of harm.
  4622 | D:4      | 4622 ||| READING scroll labelled JENLUA ROATU.
  4623 | D:4      | 4623 ||| READING scroll labelled MEG VEECUSSEC.
  4623 | D:4      | 4623 ||| ENCHANTING +0 ring mail.
  4647 | D:5      | Entered Level 5 of the Dungeon
  4648 | D:5      | 4648 ||| PLANNING OSSUARY
  4670 | D:5      | 4670 ||| FLEEEEING.
  4686 | D:5      | HP: 12/59 [orc/+0 club (3)]
  5106 | D:5      | Found a sand-covered staircase.
  5107 | D:5      | 5107 ||| UPGRADING to +0 steam dragon scales.
  5117 | D:5      | 5117 ||| DROPPING +1 ring mail.
  5118 | D:5      | 5118 ||| READING scroll labelled VAFAXA YSAOL.
  5128 | Ossuary  | Entered an ossuary
  5157 | Ossuary  | 5157 ||| DRINKING potion of mutation.
  5157 | Ossuary  | Lost mutation: Your spells are a little harder to cast, but
                  | a little more powerful. [potion of mutation]
  5157 | Ossuary  | Gained mutation: Your body sometimes deteriorates upon
                  | taking damage. [potion of mutation]
  5157 | Ossuary  | Gained mutation: Your mind is acute. (Int +4, Str/Dex -1)
                  | [potion of mutation]
  5157 | Ossuary  | Gained mutation: You expend health (3 HP) to strengthen
                  | your wands. [potion of mutation]
  5257 | Ossuary  | Reached XP level 9. HP: 58/65 MP: 0/0
  5257 | Ossuary  | Learned a level 3 spell: Confusing Touch
  5343 | Ossuary  | 5343 ||| READING scroll of identify.
  5343 | Ossuary  | 5343 ||| IDENTIFYING golden potion
  5344 | Ossuary  | 5344 ||| DROPPING potion of magic.
  5360 | D:5      | 5360 ||| PLANNING D:1-11
  5428 | D:5      | Reached skill level 8 in Ranged Weapons
  5443 | D:5      | Found an iron altar of Okawaru.
  5444 | D:5      | 5444 ||| PLANNING OKAWARU WORSHIP
  5444 | D:5      | 5444 ||| UPGRADING to amulet of faith.
  5449 | D:5      | 5449 ||| UPGRADING to ring of protection from cold.
  5457 | D:5      | Became a worshipper of Warmaster Okawaru
  5458 | D:5      | 5458 ||| PLANNING D:1-11
  6278 | D:6      | Identified the +11 falchion of Duty {freeze, rElec Dex+3}
  6298 | D:6      | Reached skill level 6 in Dodging
  6306 | D:6      | 6306 ||| RETREEEEATING.
  6307 | D:6      | 6307 ||| RETREEEEATING.
  6308 | D:6      | 6308 ||| RETREEEEATING.
  6309 | D:6      | 6309 ||| RETREEEEATING.
  6384 | D:6      | HP: 16/66 [centaur/arrow (6)]
  6389 | D:6      | Reached * piety under Okawaru
  6390 | D:6      | Reached skill level 6 in Fighting
  6586 | D:6      | 6586 ||| INVOKING Heroism.
  6797 | D:6      | Reached skill level 1 in Invocations
  7294 | D:7      | HP: 6/66 [wyvern (13)]
  7295 | D:7      | 7295 ||| READING 2 scrolls of teleportation.
  7295 | D:7      | Mangled by a wyvern

Levels and vault maps discovered:
D:1:      lemuel_arrival_room, layout_basic
D:2:      layout_basic, basic_ecumenical_altar, supply_closet_lemuel,
          nicolae_grassy_gnolls
D:3:      layout_basic, mainiacjoe_overflow_paths, portal_sewer_entry_b,
          minmay_distorted
D:4:      layout_basic, minmay_temple_entry_glass, minivault_11
D:5:      layout_gridville, kennysheep_okawaru_gauntlet,
          mainiacjoe_ossuary_entry_dusty_tomb
D:6:      layout_rooms, nicolae_hexahallways
D:7:      layout_rooms
Temple:   compressed_dpeg_triangle_lava_temple

Skill      XL: |  1  2  3  4  5  6  7  8  9 |
---------------+----------------------------+-----
Ranged Weapons | 4 5 6 7 8 |  8.7
Fighting       | 3 4 5 6 |  6.1
Dodging        | 3 5 6 |  6.1
Armour         | 1 |  1.0
Invocations    | 2 |  2.7
Stealth        | |  0.7

Action                     |  1- 3 |  4- 6 |  7- 9 || total
---------------------------+-------+-------+-------++-------
   Fire: Shortbow          |    55 |    49 |       ||   104
         Orcbow            |       |   102 |   430 ||   532
 Invoke: Heroism           |       |       |     1 ||     1
    Use: Scroll            |     5 |     4 |     8 ||    17
         Potion            |     3 |     1 |     2 ||     6
 Armour: Leather armour    |    17 |     8 |       ||    25
         Ring mail         |       |    34 |    78 ||   112
         Steam dragon scal |       |       |    61 ||    61
  Dodge: Dodged            |    22 |    37 |   153 ||   212

Table legend:
 A = Non-vault XP
 B = Vault XP
 C = Vault XP percentage of total XP
 D = Non-vault monster count
 E = Vault monster count
 F = Vault count percentage of total count
                 A         B        C        D         E       F
            +---------+---------+-------+---------+---------+-------
      Total |    2851 |     917 |  24.3 |     130 |      52 |  28.6
            +---------+---------+-------+---------+---------+-------
        D:1 |      28 |       0 |   0.0 |      15 |       0 |   0.0
        D:2 |      79 |      43 |  35.2 |      22 |       3 |  12.0
        D:3 |     189 |      11 |   5.5 |      27 |       6 |  18.2
        D:4 |     451 |       0 |   0.0 |      24 |       0 |   0.0
        D:5 |     768 |       3 |   0.4 |      18 |       2 |  10.0
        D:6 |    1336 |       0 |   0.0 |      24 |       0 |   0.0
      Sewer |       0 |     493 | 100.0 |       0 |      28 | 100.0
    Ossuary |       0 |     367 | 100.0 |       0 |      13 | 100.0
            +---------+---------+-------+---------+---------+-------
